 Dungeon Crawl Stone Soup version 0.31-a0-740-g87205ac768 (webtiles) character file.

Game seed: 723531846637931548

858 Newt the Trooper (level 7, -8/58 HPs)
             Began as a Demonspawn Gladiator on Sept 12, 2023.
             Killed by divine providence
             ... invoked by an orc priest
              (15 damage)
             ... on level 5 of the Dungeon.
             The game lasted 00:04:02 (3158 turns).

Newt the Trooper (Demonspawn Gladiator)             Turns: 3158, Time: 00:04:02

Health: -8/58      AC:  6    Str: 17    XL:     7   Next: 71%
Magic:  7/7        EV: 18    Int:  9    God:
Gold:   121        SH:  0    Dex: 14    Spells: 6/6 levels left

rFire   . . .        j - +4 short sword
rCold   . . .        (no shield)
rNeg    . . .        b - +0 leather armour
rPois   .            c - +0 helmet
rElec   .            (no cloak)
rCorr   .            (no gloves)
SInv    .            (no boots)
Will    .....        (no amulet)
Stlth   +            l - +5 ring of evasion
HPRegen 0.29/turn    (no ring)
MPRegen 0.10/turn

%: no passive effects
@: on berserk cooldown, slowed, very slow
A: thin metallic scales 1
a: no special abilities


You were on level 5 of the Dungeon.
You visited 1 branch of the dungeon, and saw 4 of its levels.

You collected 149 gold pieces.
You spent 28 gold pieces at shops.

Inventory:

Hand Weapons
 a - a +0 rapier
 j - a +4 short sword (weapon)
Missiles
 d - 5 throwing nets
 g - 9 poisoned darts (quivered)
Armour
 b - a +0 leather armour (worn)
 c - a +0 helmet (worn)
Jewellery
 h - a ring of ice
 l - a +5 ring of evasion (left hand)
Scrolls
 f - 2 scrolls of fear
 i - a scroll of teleportation
 k - a scroll of fog
 m - a scroll of amnesia
 n - 2 scrolls of identify
 o - a scroll of revelation
Potions
 p - 2 potions of degeneration
 q - 2 potions of invisibility {unknown}
 r - a potion of heal wounds
 t - a potion of brilliance


   Skills:
 + Level 6.0 Fighting
 - Level 4.0 Short Blades
 - Level 1.7 Throwing
 - Level 3.0 Armour
 - Level 5.0 Dodging


You had 6 spell levels left.
You didn't know any spells.
Your spell library contained the following spells:

 Spells                   Type           Power      Damage    Failure   Level
 Magic Dart               Conj           0%         1d3       43%         1
 Passwall                 Tmut/Erth      0%         N/A       58%         2
 Stone Arrow              Conj/Erth      0%         3d7       82%         3
 Chain Lightning          Conj/Air       0%         N/A       100%        9


Dungeon Overview and Level Annotations

Branches:
Dungeon (3/15)             Temple (0/1) D:5

Altars:
Ashenzari
Vehumet

Shops:
D:2 ?


Innate Abilities, Weirdness & Mutations

You are partially covered in thin metallic scales. (AC +2)


Message History

You hear some strange, mumbled words.
You are confused.
A red film seems to cover your vision as you go berserk!
You feel yourself moving faster!
You feel mighty! Something hits you.
You closely miss something. Something closely misses you.
You bump into the rock wall.
Something hits you.
You feel a strong urge to attack something.
You bump into the rock wall.
You feel your anger nearly subside.
You are no longer berserk.
You are exhausted.
You feel yourself slow down.
You feel less confused.
The orc priest looks encouraged for a moment.
You barely miss something.
The orc priest looks braver for a moment.
Something hits you.
You hit something. Something hits you but does no damage.
You miss something. The scorpion stings you.
* * * LOW HITPOINT WARNING * * *
You hit the orc priest.
The orc priest is lightly wounded.
Something hits you.
* * * LOW HITPOINT WARNING * * *
The scorpion closely misses you.
The orc priest mumbles some strange prayers to Beogh against you.
Pain shoots through your body!
* * * LOW HITPOINT WARNING * * *
Something hits you.
* * * LOW HITPOINT WARNING * * *
You hit the orc priest.
The orc priest is moderately wounded.
The scorpion stings you but does no damage.
The orc priest misses you. Something completely misses you.
The scorpion closely misses you.
Unknown command.
You hit the orc priest but do no damage.
The orc priest is moderately wounded.
The orc priest calls down the wrath of Beogh upon you.
Beogh smites you!
You die...

#. #######.)....######...# ..
#####..........### #####
#..............# #####
#..............# .....
>8....##..........# .....
###.## #..........# ..... #.
#...<......# ..... .
###..........##########....: .
...........s@o.f..(..........
..
.............o.##########.....
...############# ..... ..#
..... .. ..... #####


You could see a sleepcap, a scorpion and 2 orc priests.

Vanquished Creatures
  An ice beast (D:5)
  An ogre (D:5)
  A centaur (D:5)
  A scorpion (D:5)
  4 wights (D:5)
  A hound (D:2)
  Natasha (twice) (D:3)
  3 orc wizards
  Robin (D:3)
  4 gnolls (D:3)
  3 adders
  A dart slug (D:2)
  6 orcs
  6 bats
  8 endoplasms
  13 giant cockroaches
  14 goblins
  5 hobgoblins
  7 jackals (D:3)
  7 kobolds
  3 quokkas
  5 ball pythons
  3 frilled lizards
  6 rats
106 creatures vanquished.

Notes
Turn   | Place    | Note
-------+----------+-------------------------------------------
     0 | D:1      | Newt the Demonspawn Gladiator began the quest for the Orb.
     0 | D:1      | Reached XP level 1. HP: 16/16 MP: 1/1
   219 | D:1      | Gained mutation: You are partially covered in thin metallic
                  | scales. (AC +2) [demonic ancestry]
   219 | D:1      | Reached XP level 2. HP: 23/23 MP: 2/2
   286 | D:1      | Reached skill level 3 in Fighting
   405 | D:1      | Found a faded altar of an unknown god.
   871 | D:2      | Identified the +7 trident of the Whale {holy, rC+ Will-
                  | rCorr}
   898 | D:2      | Reached XP level 3. HP: 29/29 MP: 3/3
  1001 | D:2      | Found Jesmem's Magic Scroll Shoppe.
  1007 | D:2      | Bought a scroll of identify for 28 gold pieces
  1229 | D:2      | Reached skill level 4 in Fighting
  1263 | D:2      | Reached XP level 4. HP: 38/38 MP: 4/4
  1655 | D:3      | Reached skill level 5 in Fighting
  1672 | D:3      | Noticed Natasha
  1680 | D:3      | Killed Natasha
  1681 | D:3      | Reached XP level 5. HP: 35/44 MP: 5/5
  1797 | D:3      | Noticed Robin
  1812 | D:3      | Killed Robin
  1993 | D:3      | Found a radiant altar of Vehumet.
  1999 | D:3      | Noticed Natasha
  2005 | D:3      | Killed Natasha
  2006 | D:3      | Reached skill level 1 in Armour
  2168 | D:3      | Found a broken altar of Ashenzari.
  2170 | D:3      | Reached XP level 6. HP: 51/51 MP: 6/6
  2346 | D:3      | You fall into a shaft and drop 2 floors!
  2346 | D:5      | Entered Level 5 of the Dungeon
  2423 | D:5      | Reached XP level 7. HP: 38/56 MP: 7/7
  2803 | D:5      | Got the Catalogue of Destructive Bedrock
  2871 | D:5      | Reached skill level 5 in Dodging
  3010 | D:5      | Reached skill level 6 in Fighting
  3098 | D:5      | Found a staircase to the Ecumenical Temple.
  3158 | D:5      | Killed from afar by an orc priest

Illustrated notes

Levels and vault maps discovered:
D:1:      kilobyte_arrival_exit_the_forest, layout_rooms,
          ebering_ecumenical_altar_webs
D:2:      minmay_roachtagon, layout_loops_ring, serial_shops, nicolae_shop_stone
D:3:      layout_loops_corners, ashenzari_conservatory_becter,
          mainiacjoe_overflow_boulevard, uniq_robin, uniq_natasha
D:5:      layout_rooms, temple_statues, hellmonk_ghost_happy_afterlife

Skill      XL: |  1  2  3  4  5  6  7 |
---------------+----------------------+-----
Fighting       | 3 4 5 6 |  6.0
Short Blades   | 3 4 |  4.0
Armour         | 1 3 |  3.0
Dodging        | 4 5 |  5.0
Throwing       | |  1.7

Action                     |  1- 3 |  4- 6 |  7- 9 || total
---------------------------+-------+-------+-------++-------
  Melee: Rapier            |    18 |       |       ||    18
         Short sword       |    92 |   237 |    84 ||   413
         Punch             |     1 |     2 |     1 ||     4
  Throw: Dart              |       |       |     7 ||     7
         Javelin           |       |       |     1 ||     1
    Use: Scroll            |     5 |     7 |       ||    12
         Potion            |       |     1 |     2 ||     3
   Stab: Sleeping          |     2 |       |       ||     2
 Armour: Leather armour    |    33 |    57 |    31 ||   121
         Skin              |       |     7 |    15 ||    22
  Dodge: Dodged            |    72 |   191 |    36 ||   299

Table legend: (Time is in decaauts)
 A = Elapsed time spent in this place.
 B = Non-inter-level travel time spent in this place.
 C = Inter-level travel time spent in this place.
 D = Time resting spent in this place.
 E = Time spent auto-exploring this place.
 F = Levels seen in this place.
 G = Mean time per level.
                   A        B        C        D        E       F      G
               +--------+--------+--------+--------+--------+-----+--------+
         Total |   3099 |   3035 |     64 |    341 |   1975 |   4 |  774.8 |
       Dungeon |   3099 |   3035 |     64 |    341 |   1975 |   4 |  774.8 |
               +--------+--------+--------+--------+--------+-----+--------+

Top non-repeatable levels by time:
     D:2: 828 daAuts
     D:5: 786 daAuts
     D:1: 749 daAuts
     D:3: 735 daAuts
